Map: Whitewater Line LE

Players

Throwfordays - Winner!

  • Race: Zerg Zerg
  • League: Silver
  • Spawn Location: 1:00

Faust - Winner!

  • Race: Terran Terran
  • League: Diamond
  • Spawn Location: 12:00

SlushyStar - Winner!

  • Race: Protoss Protoss
  • Spawn Location: 1:00

A.I. 3 (Harder)

  • Race: Zerg Zerg
  • Spawn Location: 7:00

A.I. 4 (Harder)

  • Race: Terran Terran
  • Spawn Location: 6:00

A.I. 5 (Harder)

  • Race: Protoss Protoss
  • Spawn Location: 7:00

VOD

Have the link to the VOD?

Description

Time

  • Played on: Sept. 11, 2020, 12:20 p.m.
  • Length: 15:48
Show
View Real Time Build Order
Export as new Build Order

Throwfordays Zerg - Winner!

Build Orders: Hatch First 

Get SALT Encoding   

  12  0:02  Drone  
  13  0:13  Overlord  
  13  0:18  Drone  
  14  0:34  Drone x2  
  16  0:41  Drone  
  17  1:01  Hatchery  
  16  1:08  Spawning Pool  
  15  1:11  Drone  
  15  1:15  Drone  
  17  1:19  Drone  
  18  1:26  Extractor  
  18  1:27  Overlord  
  17  1:35  Drone  
  18  1:52  Drone  
  19  1:58  Queen  
  21  2:02  Zergling x2  
  21  2:05  Extractor  
  21  2:06  Drone  
  22  2:17  Zergling x2  
  23  2:27  Zergling x2  
  23  2:29  Metabolic Boost  
  24  2:32  Drone x2  
  24  2:34  Queen  
  28  2:39  Zergling x2  
  29  2:57  Zergling x2  
  30  3:01  Zergling x2  
  30  3:02  Zergling x4  
  33  3:09  Zergling x6  
  36  3:13  Overlord  
  36  3:14  Overlord  
  36  3:56  Zergling x2  
  36  3:57  Zergling x10  
  42  4:03  Drone  
  42  4:04  Drone x4  
  42  4:06  Overlord  
  47  4:15  Lair  
  47  4:16  Baneling Nest  
  46  4:18  Drone  
  46  4:20  Drone  
  48  4:24  Drone  
  50  4:38  Drone x2  
  50  4:41  Zergling x4  
  50  4:45  Drone x3  
  55  4:46  Drone  
  57  4:54  Zergling x2  
  58  5:05  Evolution Chamber  
  58  5:06  Drone  
  58  5:07  Evolution Chamber  
  58  5:11  Baneling x3  
  58  5:12  Baneling x6  
  58  5:13  Baneling x4  
  57  5:27  Zergling x4  
  57  5:28  Zergling x2  
  60  5:30  Overlord  
  60  5:34  Zerg Melee Weapons Level 1  
  60  5:48  Overlord x5  
  52  6:15  Centrifical Hooks  
  51  6:20  Zerg Ground Armor Level 1  
  51  6:22  Drone  
  52  6:33  Baneling x2  
  51  6:40  Drone x3  
  48  6:51  Hatchery  
  41  6:58  Drone x2  
  42  7:03  Extractor  
  42  7:04  Extractor, Drone  
  42  7:07  Drone  
  42  7:09  Zergling x4  
  42  7:15  Zergling x8  
  47  7:16  Zergling x4  
  50  7:39  Zerg Melee Weapons Level 2  
  50  7:42  Zergling x4  
  52  7:44  Baneling  
  52  7:45  Baneling x6  
  52  7:46  Baneling x3  
  52  7:48  Drone x3  
  52  7:50  Drone x2  
  57  7:56  Drone  
  58  8:00  Zergling x6  
  61  8:16  Queen  
  61  8:17  Drone x2  
  65  8:40  Drone x2  
  67  8:46  Spine Crawler  
  66  8:53  Zergling x2  
  66  8:54  Zergling x10  
  72  9:00  Zergling x8  
  72  9:01  Zergling x4  
  63  9:30  Drone x3  
  66  9:32  Queen  
  66  9:36  Zergling x8  
  66  9:37  Zergling x4  
  74  9:41  Zerg Ground Armor Level 2  
  74  9:49  Zergling x2  
  74  9:52  Zergling x2  
  76  9:54  Zergling x2  
  76  9:55  Zergling x8  
  81  10:01  Zergling x2  
  81  10:02  Baneling  
  81  10:03  Baneling x13  
  81  10:04  Baneling x13  
  81  10:05  Baneling x9  
  82  10:12  Zergling x4  
  82  10:13  Zergling x4  
  86  10:15  Pneumatized Carapace  
  86  10:16  Zergling x4  
  88  10:22  Zergling x2  
  88  10:27  Zergling x10  
  94  10:34  Infestation Pit  
  67  11:24  Zergling x2  
  67  11:25  Zergling x8  
  66  11:32  Zergling x10  
  71  11:37  Zergling x10  
  76  11:40  Hive  
  76  11:46  Spire  
  75  11:51  Hydralisk Den  
  75  11:53  Nydus Network  
  73  11:59  Zerg Missile Weapons Level 1  
  73  12:10  Zergling x4  
  73  12:11  Zergling x8  
  80  12:15  Zergling x4  
  80  12:16  Zergling x6  
  80  12:20  Drone x3  
  80  12:21  Drone x3  
  90  12:32  Zergling x2  
  91  12:39  Extractor  
  91  12:44  Extractor  
  89  12:48  Baneling x4  
  89  12:49  Baneling x13  
  89  12:50  Baneling x9  
  86  13:32  Zergling x4  
  86  13:33  Zergling x4  
  89  13:36  Zergling x10  
  89  13:37  Zergling x4  
  89  13:38  Adrenal Glands  
  96  13:47  Zergling x12  
  98  14:17  Hatchery  
  82  15:11  Queen  
  81  15:15  Zergling x10  
  81  15:16  Zergling x2  
  81  15:20  Zergling x2  
  81  15:21  Zergling x8  
  92  15:24  Zergling x2  
  92  15:25  Zergling x10  
Show
View Real Time Build Order
Export as new Build Order

Faust Terran - Winner!

Build Orders:  

Get SALT Encoding   

  12  0:06  SCV  
  13  0:19  SCV  
  13  0:20  Supply Depot  
  14  0:31  SCV  
  15  0:43  Barracks  
  15  0:44  SCV  
  16  0:56  SCV  
  17  1:06  Refinery  
  17  1:08  SCV  
  18  1:18  Barracks  
  18  1:24  SCV  
  18  1:25  Supply Depot  
  19  1:36  SCV  
  20  1:48  SCV  
  21  1:56  Reaper  
  21  2:00  SCV  
  23  2:04  Command Center  
  23  2:09  Reaper  
  23  2:14  Refinery  
  24  2:15  SCV  
  25  2:28  Orbital Command  
  25  2:35  Reaper  
  26  2:44  Reaper  
  26  2:50  Engineering Bay  
  27  2:59  SCV  
  28  3:07  Reaper  
  28  3:11  SCV  
  30  3:16  Reaper  
  31  3:20  Terran Infantry Weapons Level 1  
  31  3:23  SCV  
  31  3:24  SCV  
  33  3:35  SCV  
  33  3:36  SCV  
  33  3:39  Marine  
  34  3:47  SCV  
  34  3:48  Reaper  
  34  3:49  SCV  
  34  3:54  Refinery  
  36  3:57  Reaper  
  36  3:59  SCV, Factory  
  36  4:01  SCV  
  39  4:11  SCV  
  39  4:13  SCV  
  39  4:15  Supply Depot  
  41  4:21  Reaper  
  41  4:23  SCV  
  43  4:24  Supply Depot  
  43  4:25  SCV  
  43  4:35  SCV  
  43  4:37  Reaper, SCV  
  46  4:47  SCV  
  46  4:49  Orbital Command  
  47  4:53  Reaper, Refinery  
  49  5:00  SCV  
  49  5:11  Command Center  
  49  5:12  SCV  
  49  5:20  Marine  
  49  5:24  Marine, SCV  
  50  5:38  Marine  
  50  5:42  Marine  
  51  5:45  SCV x2  
  52  5:55  Marine  
  52  6:00  Marine  
  53  6:04  SCV  
  53  6:08  Supply Depot  
  53  6:10  Supply Depot  
  54  6:22  Marine  
  54  6:23  Reaper, SCV  
  57  6:28  Barracks x2  
  57  6:30  Barracks  
  57  6:32  Factory Tech Lab  
  57  6:34  Terran Infantry Armor Level 1  
  57  6:37  SCV x2  
  57  6:38  Armory  
  59  6:41  Reaper  
  60  6:55  Reaper  
  61  7:07  SCV x2  
  63  7:10  SCV  
  65  7:18  Supply Depot  
  65  7:22  Orbital Command  
  65  7:25  SCV  
  65  7:26  SCV  
  65  7:29  Barracks Reactor  
  68  7:30  Barracks Reactor x2  
  66  7:38  SCV  
  66  7:41  SCV  
  66  7:42  Barracks Reactor  
  68  7:44  Barracks Reactor  
  68  7:50  SCV  
  69  7:53  SCV  
  69  7:54  Engineering Bay  
  69  8:25  Reaper x3  
  69  8:26  Reaper x6  
  69  8:27  Reaper, SCV  
  79  8:28  SCV x2  
  79  8:34  Starport  
  82  8:38  Supply Depot  
  82  8:39  Supply Depot, SCV  
  82  8:40  SCV x2, Supply Depot  
  82  8:41  Supply Depot  
  85  8:52  SCV x3, Supply Depot x2  
  88  8:57  Reaper x2  
  88  8:58  Reaper x3  
  87  9:04  SCV x3  
  88  9:16  SCV  
  85  9:27  Reaper x3  
  85  9:28  Reaper x2  
  85  9:29  Reaper  
  85  9:30  Reaper x2  
  93  9:33  Reaper x2  
  93  9:34  SCV x2  
  93  9:35  SCV  
  93  9:37  Refinery  
  98  9:38  Refinery  
  98  9:48  Command Center  
  98  9:49  SCV  
  98  9:50  Refinery  
  98  9:51  Starport Tech Lab  
  99  9:56  Fusion Core  
  99  9:59  Reaper x2, Terran Infantry Weapons Level 2  
  101  10:00  Reaper x3, Terran Infantry Armor Level 2  
  101  10:03  Reaper x3  
  106  10:16  Refinery  
  99  10:59  Marine x8  
  99  11:00  Marine x2  
  91  11:16  Battlecruiser  
  91  11:17  Marine x10  
  101  11:18  Weapon Refit  
  101  11:28  SCV x2  
  101  11:29  SCV  
  104  11:34  Marine  
  104  11:35  Marine x9  
  114  11:40  SCV x2  
  116  11:48  SCV  
  116  11:53  Marine x8  
  125  12:11  Marine x5  
  125  12:12  SCV  
  125  12:13  SCV x2  
  133  12:18  Planetary Fortress  
  136  12:24  SCV  
  136  12:25  SCV  
  138  12:32  Starport  
  141  12:55  Marine x5  
  141  12:56  Marine x4  
  141  12:58  Battlecruiser  
  150  13:08  Starport  
  150  13:11  Starport Tech Lab  
  150  13:13  Marine x6  
  156  13:35  Marine  
  156  13:37  Marine  
  156  13:38  Marine  
  146  13:50  Marine x3  
  146  13:51  Marine x3  
  146  13:52  Liberator  
  146  13:54  SCV x2  
  146  13:55  SCV  
  156  14:02  SCV  
  156  14:04  Supply Depot x3  
  156  14:06  SCV  
  156  14:07  Supply Depot  
  154  14:26  Battlecruiser  
  154  14:27  Supply Depot  
  160  14:32  Supply Depot  
  160  14:34  Liberator  
  163  14:53  Marine x6  
  169  15:13  Marine x3  
  169  15:14  Marine  
  173  15:15  Marine  
  173  15:18  SCV x3  
Show
View Real Time Build Order
Export as new Build Order

SlushyStar Protoss - Winner!

Build Orders:  

Get SALT Encoding   

  12  0:02  Probe  
  13  0:14  Probe  
  14  0:32  Pylon  
  14  0:37  Pylon  
  14  0:40  Pylon  
  14  0:49  Pylon  
  14  0:55  Pylon  
  14  1:01  Probe  
  15  1:13  Assimilator, Probe  
  16  1:21  Assimilator  
  16  1:25  Probe  
  17  1:37  Probe  
  18  1:47  Gateway  
  18  1:49  Probe  
  19  2:01  Probe  
  20  2:20  Forge  
  20  2:39  Cybernetics Core  
  20  2:40  Probe (Chrono Boost)  
  22  2:52  Probe (Chrono Boost)  
  22  2:57  Zealot  
  24  2:58  Probe (Chrono Boost)  
  25  3:16  Photon Cannon  
  25  3:23  Photon Cannon  
  25  3:24  Zealot  
  27  3:50  Stargate  
  27  3:51  Zealot  
  27  3:52  Stargate  
  27  3:54  Stargate  
  29  4:18  Zealot  
  31  4:33  Protoss Shields Level 1  
  31  4:38  Protoss Air Weapons Level 1  
  33  4:45  Zealot  
  33  4:55  Void Ray  
  37  5:47  Void Ray  
  33  5:50  Void Ray  
  41  6:30  Shield Battery  
  41  6:35  Photon Cannon  
  41  6:46  Protoss Air Armor Level 1  
  41  6:57  Void Ray  
  41  6:59  Void Ray  
  49  7:37  Void Ray  
  53  8:05  Pylon  
  53  8:08  Pylon  
  53  8:17  Void Ray  
  53  8:25  Void Ray  
  61  9:34  Void Ray  
  61  9:36  Void Ray  
  55  11:56  Void Ray  
  55  11:58  Fleet Beacon, Void Ray  
  55  12:00  Void Ray  
  67  12:35  Void Ray  
Show
View Real Time Build Order
Export as new Build Order

A.I. 3 (Harder) Zerg 

Build Orders: 1 Base Baneling Bust, Pool First, Zergling Baneling 

Get SALT Encoding   

  12  0:01  Drone  
  13  0:13  Overlord  
  13  0:18  Drone  
  14  0:31  Drone x2  
  16  0:44  Spawning Pool  
  16  0:46  Drone  
  16  0:50  Drone  
  16  0:53  Extractor  
  16  0:56  Drone  
  17  1:06  Overlord  
  17  1:31  Zergling x2  
  17  1:32  Queen  
  18  1:34  Zergling x2  
  18  1:39  Drone  
  22  1:40  Roach Warren  
  22  1:41  Extractor  
  20  1:49  Drone  
  21  1:57  Baneling Nest  
  21  2:00  Drone  
  21  2:11  Drone  
  22  2:22  Zergling x2  
  23  2:32  Drone  
  24  2:39  Zergling x2, Overlord  
  24  2:42  Zergling x2  
  26  2:45  Zergling x2  
  26  2:48  Baneling x4  
  27  2:55  Drone  
  28  3:00  Baneling  
  28  3:06  Zergling x2  
  28  3:09  Baneling  
  28  3:10  Zergling x2  
  30  3:13  Zergling x2  
  30  3:14  Metabolic Boost  
  30  3:19  Zergling x2  
  32  3:26  Overlord  
  32  3:30  Zergling x2  
  33  3:39  Zergling x2  
  34  3:42  Zergling x2  
  34  3:45  Zergling x2  
  34  3:48  Zergling x2  
  37  3:51  Baneling x2  
  37  3:54  Zergling x2  
  38  3:57  Baneling  
  38  3:58  Baneling  
  38  4:02  Zergling x2  
  39  4:05  Baneling  
  39  4:07  Baneling  
  39  4:12  Zergling x2  
  40  4:17  Overlord  
  40  4:21  Drone  
  41  4:24  Drone  
  41  4:28  Baneling  
  41  4:31  Drone  
  42  4:38  Drone  
  43  4:46  Drone, Evolution Chamber  
  43  4:48  Drone  
  43  4:51  Drone  
  45  5:46  Roach, Overlord  
  45  5:47  Zerg Melee Weapons Level 1  
  47  5:54  Roach  
  49  5:58  Hatchery  
  49  5:59  Drone  
  49  6:01  Lair, Roach  
  51  6:08  Roach  
  53  6:16  Overlord, Roach  
  44  6:56  Zergling x2  
  44  6:58  Centrifical Hooks  
  44  6:59  Burrow  
  44  7:00  Hydralisk Den  
  44  7:03  Roach  
  46  7:10  Roach  
  46  7:12  Drone  
  46  7:13  Drone x2  
  46  7:15  Drone  
  52  7:18  Roach  
  52  7:19  Drone  
  52  7:21  Drone  
  56  7:25  Drone  
  56  7:28  Drone  
  58  7:30  Drone  
  58  7:31  Hydralisk  
  58  7:33  Drone  
  62  7:41  Zerg Missile Weapons Level 1  
  62  7:42  Drone, Hydralisk  
  65  7:52  Hydralisk  
  65  7:53  Drone  
  65  7:54  Roach  
  65  7:56  Overlord  
  65  7:57  Drone  
  65  7:58  Drone  
  70  8:04  Baneling, Drone x2  
  66  8:14  Drone  
  66  8:15  Drone  
  66  8:25  Drone  
  66  8:26  Drone  
  68  8:28  Drone, Overlord  
  68  8:29  Zergling x2  
  70  8:36  Drone  
  70  8:38  Drone  
  72  8:44  Spore Crawler  
  72  8:46  Spore Crawler, Drone  
  72  8:47  Overseer  
  72  8:48  Hydralisk  
  71  8:52  Roach  
  73  8:57  Spore Crawler, Overlord  
  73  8:59  Overseer  
  73  9:00  Spore Crawler, Drone, Roach  
  73  9:01  Queen  
  75  9:03  Drone  
  75  9:07  Queen  
  75  9:08  Hydralisk  
  80  9:14  Spine Crawler  
  80  9:15  Drone  
  66  9:19  Roach  
  58  9:26  Roach  
  60  9:33  Roach  
  60  9:36  Zerg Ground Armor Level 1  
  62  9:40  Roach  
  64  9:47  Extractor, Roach  
  64  9:51  Spine Crawler  
  64  9:52  Overseer  
  64  9:55  Roach  
  64  9:56  Spine Crawler  
  65  10:01  Roach  
  65  10:02  Overlord  
  69  10:07  Roach  
  69  10:08  Overseer, Evolution Chamber  
  69  10:09  Roach  
  69  10:11  Roach  
  69  10:12  Spine Crawler  
  69  10:13  Roach  
  69  10:16  Pneumatized Carapace  
  69  10:18  Hydralisk  
  69  10:19  Hatchery  
  64  10:24  Hydralisk  
  56  10:29  Roach x2  
  56  10:30  Hydralisk  
  55  10:36  Hydralisk  
  55  10:41  Drone x2, Hydralisk  
  53  10:43  Zergling x2  
  53  10:48  Overseer  
  53  10:49  Hydralisk  
  50  10:50  Drone  
  50  10:52  Drone  
  50  10:55  Drone, Roach  
  50  10:56  Drone  
  44  10:59  Drone  
  44  11:01  Drone, Roach  
  42  11:04  Drone  
  39  11:13  Hydralisk  
  27  11:21  Drone  
  27  11:23  Ravager  
  27  11:25  Drone  
  21  11:33  Drone  
  21  11:34  Drone  
  21  11:36  Drone  
  24  11:43  Drone  
  25  11:52  Drone  
  26  11:58  Drone  
  27  12:03  Drone  
  27  12:08  Drone  
  29  12:19  Lurker Den  
  28  12:26  Drone  
  29  12:30  Drone  
  29  12:34  Drone  
  31  12:38  Drone  
  31  12:42  Drone  
  33  12:46  Drone  
  33  12:49  Drone  
  35  12:53  Drone  
  35  12:56  Drone  
  37  12:59  Drone  
  37  13:03  Drone  
  40  13:05  Zergling x2  
  40  13:11  Roach  
  42  13:16  Hydralisk  
  43  13:20  Drone  
  43  13:23  Lurker x2  
  43  13:24  Drone, Roach  
  40  13:31  Drone  
  36  13:37  Drone, Roach  
  36  13:40  Roach  
  12  14:34  Queen  
  11  15:13  Drone  
Show
View Real Time Build Order
Export as new Build Order

A.I. 4 (Harder) Terran 

Build Orders:  

Get SALT Encoding   

  12  0:01  SCV  
  13  0:13  SCV  
  14  0:20  Supply Depot  
  14  0:25  SCV  
  15  0:42  SCV  
  16  0:44  Barracks  
  16  0:50  Refinery  
  16  0:54  SCV  
  17  1:06  SCV  
  19  1:18  SCV  
  19  1:21  Supply Depot  
  19  1:30  SCV  
  19  1:31  Marine  
  21  1:42  Orbital Command, Barracks  
  21  1:48  Marine  
  21  1:50  Refinery  
  22  2:07  Barracks Tech Lab  
  22  2:10  Supply Depot  
  22  2:25  Marauder  
  22  2:29  Marine  
  25  2:46  Marine  
  25  2:47  Marine  
  25  2:49  Supply Depot  
  27  3:04  SCV  
  27  3:05  Marine, Marauder  
  31  3:16  SCV  
  31  3:17  Engineering Bay  
  32  3:23  Marine  
  32  3:25  Marine  
  34  3:28  SCV, Supply Depot  
  35  3:40  Marine, SCV  
  37  3:44  Marauder  
  39  3:52  SCV  
  40  4:04  SCV  
  40  4:05  Marauder  
  43  4:19  SCV  
  43  4:27  Marauder  
  45  4:43  Barracks Tech Lab  
  45  4:47  Factory  
  45  4:54  Factory  
  45  4:56  Stimpack  
  45  4:59  SCV  
  45  5:04  Combat Shield  
  45  5:11  SCV  
  41  5:24  SCV  
  37  5:30  Factory Tech Lab  
  37  5:35  Starport  
  37  5:36  SCV  
  37  5:42  Terran Infantry Weapons Level 1  
  38  5:46  Starport  
  38  5:47  Factory Tech Lab  
  38  5:48  SCV  
  38  5:49  Siege Tank  
  38  5:58  Marine  
  38  6:00  SCV  
  28  6:05  Marine  
  29  6:12  SCV, Starport Tech Lab  
  29  6:15  Marine  
  31  6:23  Marine, Concussive Shells, Starport Tech Lab  
  31  6:24  SCV  
  33  6:33  Marine  
  33  6:36  SCV  
  35  6:40  Marine  
  36  6:48  SCV  
  36  6:51  Marine  
  38  6:58  Marine  
  39  7:03  Command Center  
  39  7:10  SCV  
  39  7:15  Marauder  
  42  7:22  Marauder  
  43  7:31  Siege Tank  
  43  7:36  Terran Infantry Armor Level 1  
  46  7:42  Siege Tank  
  49  7:53  Supply Depot  
  49  8:03  Cyclone  
  52  8:09  Raven  
  54  8:16  SCV x2  
  56  8:28  SCV  
  56  8:29  SCV  
  58  8:40  SCV, Hellion  
  60  8:43  SCV  
  61  8:52  SCV  
  62  9:02  Barracks  
  58  9:11  Starport  
  52  9:18  Factory  
  34  9:36  Command Center  
  34  9:41  Marine  
  35  9:46  Marine  
  35  9:49  Barracks Reactor  
  36  9:54  Siege Tank  
  36  9:59  Marine  
  40  10:02  Siege Tank, Factory Tech Lab  
  40  10:04  Starport Reactor  
  43  10:09  Marine  
  44  10:17  Marine  
  44  10:21  Hellion  
  47  10:26  Raven, Hellion  
  49  10:29  Marine  
  49  10:30  Refinery  
  49  10:33  SCV  
  50  10:44  Refinery  
  53  10:50  Siege Tank  
  53  10:56  Refinery  
  53  11:02  SCV  
  53  11:04  Marine  
  53  11:05  Marine, Viking  
  53  11:09  Marine x2  
  46  11:18  Viking  
  48  11:22  Marine  
  48  11:23  SCV  
  35  11:36  SCV  
  36  11:43  SCV  
  37  11:52  Hellion  
  39  12:05  Siege Tank  
  39  12:07  SCV  
  43  12:11  SCV  
  43  12:13  SCV  
  45  12:19  SCV  
  46  12:23  SCV  
  46  12:25  Marine  
  46  12:29  Marauder  
  50  12:35  Marauder  
  50  12:37  SCV  
  52  12:40  SCV  
  52  12:42  SCV  
  54  12:49  Marine, SCV  
  56  12:52  SCV  
  56  12:53  Marine  
  56  12:56  SCV  
  59  13:01  SCV  
  59  13:04  Marine  
  59  13:05  SCV  
  61  13:08  Marine  
  61  13:09  SCV  
  63  13:13  Marine, SCV  
  63  13:17  SCV  
  66  13:20  Marine  
  66  13:21  SCV  
  66  13:24  Marine  
  62  13:35  Viking  
  62  13:38  Marauder  
  56  13:43  Viking  
  56  13:46  Marine x2  
  50  13:50  Marine  
  41  13:59  Marine  
  41  14:02  Viking  
  44  14:03  Marine  
  44  14:07  Marine  
  45  14:17  Marine  
  21  14:25  Marine  
Show
View Real Time Build Order
Export as new Build Order

A.I. 5 (Harder) Protoss 

Build Orders:  

Get SALT Encoding   

  12  0:01  Probe  
  13  0:13  Probe  
  14  0:20  Pylon  
  14  0:25  Probe  
  15  0:35  Probe  
  16  0:43  Probe  
  16  0:47  Assimilator  
  17  0:51  Gateway  
  17  0:52  Probe  
  18  1:00  Probe  
  18  1:05  Pylon  
  19  1:20  Probe  
  22  1:40  Zealot  
  22  1:45  Cybernetics Core  
  22  1:49  Gateway  
  22  1:51  Assimilator  
  22  1:58  Zealot  
  22  2:08  Pylon  
  24  2:24  Stalker  
  24  2:26  Warp Gate  
  26  2:36  Zealot  
  28  2:45  Pylon  
  28  2:49  Stalker  
  30  3:03  Zealot  
  32  3:14  Adept  
  34  3:27  Pylon  
  34  3:30  Stalker  
  36  3:44  Stalker  
  36  3:47  Probe  
  39  3:59  Probe  
  39  4:00  Stalker  
  42  4:06  Pylon  
  42  4:08  Probe  
  42  4:16  Probe  
  43  4:21  Stalker  
  46  4:25  Probe  
  47  4:37  Stalker, Probe  
  50  4:47  Adept  
  52  6:06  Sentry  
  54  6:13  Pylon  
  54  6:14  Stalker  
  56  6:23  Stalker  
  58  6:27  Nexus  
  58  6:33  Sentry  
  56  6:47  Zealot  
  42  6:56  Zealot  
  38  7:07  Adept  
  39  7:16  Stalker  
  41  7:27  Stalker  
  43  7:36  Stalker  
  45  7:41  Probe  
  46  7:45  Probe  
  46  7:50  Stalker  
  49  7:53  Probe  
  49  7:55  Assimilator  
  50  7:59  Stalker  
  50  8:00  Assimilator  
  50  8:01  Probe  
  50  8:05  Probe  
  54  8:13  Stalker  
  54  8:15  Probe  
  54  8:17  Probe  
  58  8:22  Zealot  
  58  8:25  Probe  
  61  8:27  Probe  
  61  8:33  Probe  
  61  8:36  Adept  
  61  8:39  Probe  
  65  8:43  Probe  
  65  8:45  Stalker  
  68  8:51  Probe  
  69  8:56  Probe  
  70  9:03  Probe  
  70  9:08  Probe  
  72  9:15  Probe  
  73  9:20  Probe  
  73  9:27  Probe  
  73  9:28  Probe  
  74  9:36  Pylon, Probe  
  74  9:38  Probe  
  76  9:53  Probe  
  76  9:57  Gateway  
  77  10:01  Twilight Council  
  77  10:04  Stargate  
  77  10:08  Forge, Blink  
  77  10:09  Robotics Facility  
  77  10:14  Stalker x2  
  77  10:31  Pylon  
  77  10:44  Photon Cannon  
  77  10:48  Sentry  
  57  10:52  Photon Cannon  
  57  10:53  Nexus  
  47  10:57  Immortal  
  47  10:59  Gateway  
  51  11:05  Stalker  
  51  11:06  Stalker  
  55  11:11  Stalker  
  55  11:28  Zealot  
  55  11:30  Stalker  
  58  11:34  Warp Prism  
  58  11:39  Sentry  
  62  11:46  Robotics Facility  
  62  11:59  Pylon  
  62  12:01  Warp Prism  
  62  12:09  Protoss Ground Weapons Level 1  
  64  12:28  Immortal  
  64  12:33  Observer  
  64  12:34  Probe  
  64  12:36  Probe  
  66  12:38  Probe  
  71  12:46  Probe  
  71  12:49  Probe  
  71  12:50  Probe  
  74  12:54  Probe, Warp Prism  
  76  13:01  Probe x2  
  76  13:02  Probe  
  79  13:07  Observer  
  81  13:13  Probe  
  81  13:14  Probe  
  81  13:16  Probe  
  83  13:25  Probe  
  83  13:26  Probe  
  84  13:28  Probe, Immortal  
  84  13:30  Observer  
  91  13:37  Probe  
  91  13:38  Stalker  
  91  13:40  Probe  
  81  13:42  Stalker  
  81  13:47  Stalker  
  70  13:51  Stalker  
  51  14:15  Stalker  
  51  14:16  Stalker x3  
  50  14:36  Zealot  
  27  14:39  Stalker, Probe  
  29  14:47  Probe  
  24  14:55  Probe  
  24  14:56  Stalker  
  26  15:02  Zealot  
  26  15:07  Probe  
  27  15:17  Nexus  
  27  15:19  Probe  
  24  15:22  Stalker  
  24  15:31  Probe  
  13  15:44  Nexus  
Tags
 
Add a new tag
Caveats
  • Supply blocks, unpowered buildings, or Contaminate may cause inaccurate times.
  • Supply counts are checked every 10 seconds.